 Dungeon Crawl Stone Soup version 0.13-a0-3008-g2a6619c (webtiles) character file.

99630 JacquesDerrida the Marksdemigod (level 15, -8/103 (108) HPs)
             Began as a Demigod Hunter on Sept 7, 2013.
             Mangled by Rupert
             ... wielding a +5,+4 dwarven great mace of crushing
              (29 damage)
             ... on Level 1 of the Snake Pit on Sept 9, 2013.
             The game lasted 02:18:51 (37622 turns).

JacquesDerrida the Marksdemigod (Demigod Hunter)   Turns: 37622, Time: 02:18:51

HP  -8/103 (108) AC 12     Str 19      XL: 15   Next: 26%
MP  17/26        EV 14     Int 21      God:
Gold 2701        SH  0     Dex 18      Spells:  5 memorised,  4 levels left

Res.Fire  : + . .   See Invis. : .   b - +8,+4 longbow "Pis Ikadu" {flame, rPois rC Res.Cold : + . . Warding : . S - +1 leather armour {rF+} Life Prot.: . . . Conserve : + (no shield)
Res.Poison: +       Res.Corr.  : .   H - +2 wizard hat {MR+}
Res.Elec. : .       Clarity    : .   K - +0 dwarf cloak
Sust.Abil.: . .     Spirit.Shd : .   G - +0 pair of gauntlets
Res.Mut.  : .       Stasis     : .   (no boots)
Res.Rott. : .       Flight     : .   j - amulet of conservation
Saprovore : . . .                    y - ring of wizardry
                                     k - +3 ring of protection

@: very resistant to hostile enchantments, unstealthy
A: AC +1
a: no special abilities


You were on level 1 of the Snake Pit.
You were very hungry.

You visited 4 branches of the dungeon, and saw 32 of its levels.

You collected 3221 gold pieces.
You spent 540 gold pieces at shops.

Inventory:

Hand weapons
 a - a +4,+0 longbow of frost
 b - the +8,+4 longbow "Pis Ikadu" (weapon) {flame, rPois rC+}
   (You acquired it on level 2 of the Lair of Beasts)

   It turns projectiles fired from it into bolts of flame.
   It protects you from cold.
   It protects you from poison.
 p - a +0,+0 longbow
Missiles
 c - 135 arrows
 i - 13 arrows of flame (quivered)
 q - 11 arrows of frost
Armour
 h - the +0 shield "Evupsuu" {+Blink rF++ rC+ Acc+4 SInv}
   (You found it on level 3 of the Lair of Beasts)

   It affects your accuracy (+4).
   It greatly protects you from fire.
   It protects you from cold.
   It enhances your eyesight.
   It lets you blink.
 G - a +0 pair of gauntlets (worn)
 H - a +2 wizard hat of magic resistance (worn)
 K - a +0 dwarven cloak (worn)
 S - a +1 leather armour of fire resistance (worn)
Magical devices
 l - a wand of heal wounds (8)
 n - a wand of cold (13)
 r - a wand of disintegration (6)
 L - a wand of digging (8)
 Q - a wand of teleportation (6)
Comestibles
 v - a meat ration
 x - a choko
 B - 5 bread rations
 E - 8 strawberries
Scrolls
 f - 3 scrolls of fear
 o - 5 scrolls of identify
 s - 2 scrolls of remove curse
 u - 5 scrolls of teleportation
 D - 2 scrolls of recharging
 I - 3 scrolls of fog
 X - a scroll of magic mapping
 Z - a scroll of silence
Jewellery
 d - an uncursed amulet of resist mutation
 e - an uncursed amulet of stasis
 j - an amulet of conservation (around neck)
 k - a +3 ring of protection (left hand)
 w - an uncursed amulet of rage
 y - a ring of wizardry (right hand)
 z - an uncursed ring of protection from cold
 F - an uncursed ring of protection from magic
 J - an uncursed ring of teleport control
 P - an uncursed amulet of resist corrosion
Potions
 g - 7 potions of curing
 m - a potion of magic
 t - 3 potions of flight
 A - 2 potions of agility
 M - a potion of berserk rage
 O - a potion of speed
 U - a potion of heal wounds
Books
 C - a book of Wizardry

   Spells                             Type                      Level
   Summon Elemental                   Summoning                    4
   Agony                              Necromancy                   5
   Force Lance                        Conjuration                  5
   Fireball                           Conjuration/Fire             5
   Haste                              Charms                       6
   Invisibility                       Hexes                        6


   Skills:
 - Level 2.1 Fighting
 + Level 19.2 Bows
 - Level 4.1 Dodging
 - Level 0.8 Stealth
   Level 14.8 Shields
 - Level 2.4 Spellcasting
 - Level 2.7 Charms


You had 4 spell levels left.
You knew the following spells:

 Your Spells              Type           Power        Failure   Level  Hunger
a - Repel Missiles        Chrm/Air       #.........   5%          2    ##.....
b - Blink                 Tloc           N/A          8%          2    ##.....
c - Regeneration          Chrm/Necr      #.........   12%         3    ###....
d - Conjure Flame         Conj/Fire      #.......     17%         3    ###....
e - Control Teleport      Chrm/Tloc      #.........   52%         4    ####...


Dungeon Overview and Level Annotations

Branches:
Dungeon (19/27)            Temple (0/1) D:4             Orc (4/4) D:7
    Elf (0/3) Orc:4          Lair (8/8) D:8           Swamp (0/5) Lair:3
  Snake (1/5) Lair:4        Slime (0/6) Lair:8       Vaults (0/5) D:18

Shops:
D:6 (   D:8 +   D:9 ?   Orc:3 /   Orc:4 *

Annotations:
Lair:5 exclusion: oklob plant
Snake:1 Rupert


Innate Abilities, Weirdness & Mutations

You are partially covered in rugged brown scales (AC +1, +3% HP).


Message History

You blink.
A black mamba comes into view.
Firing (i - inventory. (,) - cycle):
i - 14 arrows of flame (quivered)
Press: ? - help, Shift-Dir - straight line, f/p - Rupert
Aim: Rupert, wielding a runed dwarven great mace and wearing a leather armour (almost dead, berserk)
You shoot an arrow of flame. The arrow of flame hits Rupert.
Rupert is almost dead.
Casting: Blink
Confirm with . or Enter, or press ? or * to list all spells.
You blink.
Rupert hits you with a runed dwarven great mace!
The black mamba completely misses you.
Casting: Blink
Confirm with . or Enter, or press ? or * to list all spells.
You blink.
Rupert hits you with a runed dwarven great mace!
* * * LOW HITPOINT WARNING * * *
The black mamba misses you.
Rupert hits you with a runed dwarven great mace!
You die...

.#.# #.# #.# #.#
.#.# #.# #.# #.#
.#.# #.# #.# #.#
.#.# #.########.#
####.# .#!###
#.....?.##.# #.....
.#...#
#######.##.####.##.#
.###.#
#............#
.###.##
#########.####.####
......# #.@..%....#
#..# ......#
####@######### ##.#
# ......#
#.§.S#############.#
. ...%..#
#...§..(((.(((.....#
. ......#
#..##############..#
. .##.### #..# #..#
. .##.########..#
#..##.
..............#
#..@.#
###.########.##
##.##@


You could see Rupert (berserk) and a black mamba.

Vanquished Creatures
  Fannar (Orc:4)
  Harold (D:13)
  2 anacondas (Snake:1)
  8 hydras
  2 naga warriors (Snake:1)
  8 death yaks
  5 centaur warriors
  Urug (D:10)
  A water nymph (shapeshifter) (D:18)
  Nergalle (D:13)
  5 skeletal warriors (D:13)
  3 unseen horrors (D:15)
  A giant amoeba (D:17)
  3 lindwurms (Lair:8)
  7 hill giants
  2 wizards
  2 wolf spiders
  An orc sorcerer (Orc:4)
  A fire giant zombie (D:19)
  2 griffons
  A red wasp (shapeshifter) (D:16)
  5 cyclopes
  8 black mambas
  2 frost giant skeletons
  2 stone giant skeletons
  7 spiny worms (Lair:8)
  13 spiny frogs
  3 yaktaurs (D:19)
  A fire drake (Lair:8)
  A mermaid (shapeshifter) (D:19)
  3 two-headed ogres
  A hydra zombie (D:15)
  7 trolls
  4 giant fireflies (Lair:8)
  A spriggan (D:9)
  A polar bear (Lair:6)
  8 komodo dragons
  A queen bee (Lair:5)
  2 hydra skeletons
  An ice dragon zombie (D:19)
  A dragon zombie (D:16)
  3 giant leeches (Lair:8)
  2 griffon zombies
  13 blink frogs
  13 slime creatures
  A trapdoor spider (D:18)
  5 boulder beetles
  2 red wasp zombies (D:19)
  A grizzly bear (Lair:8)
  3 shadows
  57 yaks
  2 basilisks
  An ice dragon skeleton (D:19)
  A griffon skeleton (D:17)
  2 vampires
  A wyvern (D:15)
  17 ugly things
  Eustachio (D:7)
  8 hippogriffs
  4 wraiths
  A hill giant zombie (D:14)
  An elephant slug (Lair:5)
  A hungry ghost (D:12)
  2 deep elf magi (Orc:2)
  2 clay golems
  15 wolves
  2 mottled dragons
  4 vampire mosquitoes
  9 rock worms
  2 hell hounds (Lair:8)
  A swamp worm (Lair:3)
  2 necrophages
  A swamp drake (Orc:2)
  3 manticores
  12 nagas (Snake:1)
  A dwarf (shapeshifter) (D:16)
  16 porcupines
  A giant goldfish (Lair:7)
  A naga (shapeshifter) (D:13)
  A phantom (D:4)
  12 orc warriors
  12 ogres
  3 sky beasts
  A griffon simulacrum (D:18)
  15 centaurs
  5 ice beasts
  A kobold demonologist (D:19)
  A boring beetle (Lair:8)
  5 wargs
  A fire crab zombie (D:16)
  A yaktaur zombie (D:16)
  6 big kobolds
  17 giant frogs
  8 giant slugs
  9 crocodiles
  6 agate snails
  A wyvern zombie (D:14)
  3 brain worms (Lair:8)
  17 water moccasins
  A cyclops skeleton (D:17)
  32 killer bees
  A troll zombie (D:11)
  An eye of draining (D:17)
  2 jellyfish (Lair:7)
  16 wights
  2 troll skeletons
  3 vampire bats (Lair:1)
  A giant frog zombie (D:12)
  2 goliath beetles
  3 pulsating lumps (Lair:8)
  5 jellies
  11 crimson imps
  An iron imp (Orc:2)
  A two-headed ogre zombie (D:12)
  A gnoll shaman (D:5)
  8 iguanas
  4 scorpions
  19 hounds
  12 orc priests
  9 worker ants
  22 orc wizards
  5 sheep (Lair:5)
  Ijyb (D:7)
  A big kobold skeleton (D:10)
  A mottled dragon skeleton (D:17)
  5 boggarts (D:15)
  A hound zombie (D:6)
  A mummy (D:16)
  18 gnolls
  21 adders
  2 giant centipedes
  A lemure (Orc:3)
  16 green rats
  A shadow imp (Orc:2)
  An inept feature mimic (D:2)
  A giant mite (D:7)
  A white imp (Orc:2)
  22 worms
  An iguana skeleton (D:9)
  8 giant geckos
  2 oozes
  113 orcs
  32 bats
  2 bat skeletons
  5 giant cockroaches
  18 goblins
  17 hobgoblins
  33 jackals
  24 kobolds
  10 quokkas
  A ball python (D:1)
  3 giant newts
  A giant newt skeleton (D:4)
  2 giant spores
  2 jackal skeletons (D:4)
  A jackal zombie (D:5)
  An orc skeleton (D:5)
  18 rats
  2 rat zombies
  A spectral orc (D:3)
  5 ballistomycetes
  A plant (Lair:8)
1028 creatures vanquished.

Vanquished Creatures (others)
  An orc (Orc:4)
  2 jackals (D:7)
  3 fungi
  5 plants
11 creatures vanquished.

Grand Total: 1039 creatures vanquished

Notes
Turn   | Place    | Note
--------------------------------------------------------------
     0 | D:1      | JacquesDerrida, the Demigod Hunter, began the quest for the Orb.
     0 | D:1      | Reached XP level 1. HP: 17/17 MP: 2/2
   609 | D:1      | Reached skill level 4 in Bows
   710 | D:1      | Reached XP level 2. HP: 24/24 MP: 3/3
  1089 | D:2      | Reached XP level 3. HP: 27/29 MP: 5/5
  1390 | D:2      | Found an ancient bone altar of Kikubaaqudgha.
  1671 | D:3      | Reached skill level 5 in Bows
  1873 | D:3      | Reached XP level 4. HP: 32/36 MP: 7/7
  2337 | D:3      | Reached skill level 6 in Bows
  2337 | D:3      | Reached XP level 5. HP: 18/41 MP: 8/8
  2578 | D:3      | Found a basalt altar of Yredelemnul.
  3224 | D:4      | Noticed a phantom
  3229 | D:4      | Noticed an ogre
  3242 | D:4      | Killed a phantom
  3386 | D:4      | Killed an ogre
  3386 | D:4      | Reached skill level 7 in Bows
  3386 | D:4      | Reached XP level 6. HP: 48/48 MP: 10/10
  3496 | D:4      | Found a snail-covered altar of Cheibriados.
  3776 | D:4      | Noticed an ogre
  3779 | D:4      | Noticed an ogre
  3809 | D:4      | Killed an ogre
  3815 | D:4      | Killed an ogre
  3815 | D:4      | Reached skill level 8 in Bows
  3815 | D:4      | Reached XP level 7. HP: 43/53 MP: 12/12
  4006 | D:4      | Found a staircase to the Ecumenical Temple.
  4427 | D:5      | Entered Level 5 of the Dungeon
  4625 | D:5      | Found a glowing golden altar of the Shining One.
  4920 | D:5      | Reached skill level 9 in Bows
  5401 | D:6      | Found Tweppofe's Weapon Shop.
  5745 | D:6      | Found a shimmering altar of Xom.
  5766 | D:6      | Found a shattered altar of Ashenzari.
  5863 | D:6      | Reached XP level 8. HP: 27/60 MP: 13/13
  6041 | D:6      | Reached skill level 10 in Bows
  6144 | D:6      | Found a burning altar of Makhleb.
  6481 | D:7      | Noticed Eustachio
  6490 | D:7      | Killed Eustachio
  6623 | D:7      | Noticed Ijyb
  6629 | D:7      | Killed Ijyb
  7084 | D:7      | Reached skill level 11 in Bows
  7889 | D:7      | Reached XP level 9. HP: 24/66 MP: 15/15
  7899 | D:7      | Reached skill level 12 in Bows
  8135 | D:7      | Found an iron altar of Okawaru.
  8713 | D:7      | Found a staircase to the Orcish Mines.
  9182 | D:8      | Reached skill level 13 in Bows
  9282 | D:8      | Found Usuval's Book Emporium.
  9891 | D:8      | HP: 3/66 [poisoned by an adder]
 10168 | D:8      | Found a staircase to the Lair.
 10204 | D:8      | Noticed an angel
 10205 | D:8      | Found a glowing silver altar of Zin.
 10226 | D:8      | HP: 1/66 [komodo dragon (21)]
 10229 | D:8      | Reached XP level 10. HP: 6/73 MP: 17/17
 11128 | D:9      | Found Mnaocoit's Magic Scroll Shoppe.
 11463 | D:9      | Reached skill level 14 in Bows
 11849 | D:10     | Entered Level 10 of the Dungeon
 12194 | D:10     | Noticed Urug
 12222 | D:10     | Killed Urug
 13053 | D:10     | Noticed a hill giant
 13060 | D:10     | Killed a hill giant
 13060 | D:10     | Reached skill level 15 in Bows
 13321 | Lair:1   | Entered Level 1 of the Lair of Beasts
 13996 | Lair:1   | Noticed a six-headed hydra
 14021 | Lair:1   | Killed a six-headed hydra
 14484 | Lair:2   | Reached XP level 11. HP: 41/79 MP: 18/18
 14932 | Lair:2   | Identified a scroll of acquirement
 14935 | Lair:2   | Got a crude longbow
 14937 | Lair:2   | Identified the longbow "Pis Ikadu" {flame, rPois rC+} (You acquired it on level 2 of the Lair of Beasts)
 15071 | Lair:2   | Reached skill level 1 in Fighting
 15328 | Lair:2   | Reached skill level 1 in Spellcasting
 16000 | Lair:3   | Got an ancient shield
 16007 | Lair:3   | Identified the +0 shield "Evupsuu" {+Blink rF++ rC+ Acc+4 SInv} (You found it on level 3 of the Lair of Beasts)
 16072 | Lair:3   | Noticed a four-headed hydra
 16121 | Lair:3   | Killed a four-headed hydra
 16169 | Lair:3   | Found a staircase to the Swamp.
 16233 | Lair:4   | Found a staircase to the Snake Pit.
 16397 | Lair:4   | Noticed a death yak
 16397 | Lair:4   | Noticed a death yak
 16398 | Lair:4   | Noticed a death yak
 16424 | Lair:4   | Killed a death yak
 16428 | Lair:4   | Killed a death yak
 16428 | Lair:4   | Reached skill level 5 in Shields
 16456 | Lair:4   | Killed a death yak
 16805 | Lair:4   | Paralysed by a potion of paralysis for 2 turns
 16928 | Lair:4   | Noticed a seven-headed hydra
 16984 | Lair:4   | Killed a seven-headed hydra
 17557 | Lair:5   | Reached XP level 12. HP: 88/88 MP: 23/23
 17876 | Lair:5   | Noticed an eight-headed hydra
 18215 | Lair:5   | Killed an eight-headed hydra
 19026 | Lair:6   | Got a transparent plate armour
 19028 | Lair:6   | Identified the +2 plate armour of Gravity {Str+2 Acc+6} (You found it on level 6 of the Lair of Beasts)
 19772 | Lair:6   | Reached skill level 10 in Shields
 20900 | Lair:8   | Entered Level 8 of the Lair of Beasts
 20997 | Lair:8   | Noticed an eight-headed hydra
 21011 | Lair:8   | Killed an eight-headed hydra
 21304 | Lair:8   | Reached XP level 13. HP: 88/88 MP: 24/24
 21699 | Lair:8   | Found a staircase to the Slime Pits.
 23193 | Lair:8   | Reached skill level 16 in Bows
 23528 | Lair:8   | Noticed a dragon
 23541 | Lair:8   | JacquesDerrida: (((
 24478 | Orc:1    | Entered Level 1 of the Orcish Mines
 25076 | Orc:2    | Learned a level 2 spell: Repel Missiles
 25079 | Orc:2    | Learned a level 2 spell: Blink
 25249 | Orc:3    | Found Tulleunt's Magical Wand Boutique.
 25489 | Orc:3    | Reached skill level 1 in Charms
 25722 | Orc:4    | Entered Level 4 of the Orcish Mines
 25730 | Orc:4    | Noticed Fannar
 25937 | Orc:4    | Killed Fannar
 26014 | Orc:4    | Found a staircase to the Elven Halls.
 26211 | Orc:4    | Noticed an orc warlord
 26221 | Orc:4    | Found Crikob's General Store.
 26229 | Orc:4    | Bought a wand of heal wounds (5) for 540 gold pieces
 26238 | Orc:4    | Gained mutation: You are partially covered in rugged brown scales (AC +1, +3% HP). [a neqoxec]
 27547 | D:12     | Found a blossoming altar of Fedhas.
 28298 | D:13     | Reached XP level 14. HP: 25/98 MP: 17/25
 28890 | D:13     | Noticed Harold
 28897 | D:13     | Killed Harold
 28924 | D:13     | Noticed Nergalle
 28986 | D:13     | Killed Nergalle
 29374 | D:13     | Found a deep blue altar of Sif Muna.
 29585 | D:14     | Entered Level 14 of the Dungeon
 30372 | D:15     | Entered Level 15 of the Dungeon
 30382 | D:15     | Upgraded the game from 0.13-a0-2979-gb6a86b3 to 0.13-a0-2995-g9a84c3d
 30645 | D:15     | Found a shattered altar of Ashenzari.
 31605 | D:16     | Found a basalt altar of Yredelemnul.
 31611 | D:16     | Reached skill level 17 in Bows
 31725 | D:16     | Paralysed by you for 2 turns
 34342 | D:18     | Reached skill level 18 in Bows
 34718 | D:18     | Found a staircase to the Vaults.
 35139 | D:18     | Upgraded the game from 0.13-a0-2995-g9a84c3d to 0.13-a0-3008-g2a6619c
 35611 | D:19     | Reached XP level 15. HP: 103/103 MP: 26/26
 35853 | D:19     | Learned a level 3 spell: Regeneration
 35857 | D:19     | Learned a level 3 spell: Conjure Flame
 35862 | D:19     | Learned a level 4 spell: Control Teleport
 36709 | Snake:1  | Entered Level 1 of the Snake Pit
 36783 | Snake:1  | Reached skill level 19 in Bows
 37588 | Snake:1  | Noticed Rupert
 37622 | Snake:1  | Mangled by Rupert

Action                   |  1- 3 |  4- 6 |  7- 9 | 10-12 | 13-15 || total
-------------------------+-------+-------+-------+-------+-------++-------
Melee: Short sword       |   108 |    97 |       |       |       ||   205
       Dagger            |       |    34 |   296 |   196 |   122 ||   648
       Flail             |       |       |     6 |       |       ||     6
       Longbow           |       |       |       |       |     1 ||     1
 Fire: Bow               |    28 |    88 |   313 |   185 |    27 ||   641
       Longbow           |       |       |       |   552 |  1626 ||  2178
 Cast: Blink             |       |       |       |       |    18 ||    18
       Repel Missiles    |       |       |       |       |    13 ||    13
       Regeneration      |       |       |       |       |     1 ||     1
 Abil: Evoke Blink       |       |       |       |    20 |     5 ||    25
       Evoke Teleport Co |       |       |       |       |     1 ||     1
Evoke: Wand              |       |       |     4 |    16 |    21 ||    41
  Use: Scroll            |     4 |       |    13 |    19 |    17 ||    53
       Potion            |       |     1 |    15 |    17 |     1 ||    34
 Stab: Sleeping          |       |     1 |     1 |       |       ||     2
